 Dungeon Crawl Stone Soup version 0.29.1-15-g9cfb28693d (webtiles) character file.

Game seed: 619865806824482369

12183 Heoruswealwe the Fighter (level 11, -5/104 HPs)
             Began as a Minotaur Fighter on Mar 7, 2023.
             Was an Initiate of Gozag.
             Slain by a komodo dragon (19 damage)
             ... on level 2 of the Lair of Beasts.
             The game lasted 01:50:39 (10300 turns).

Heoruswealwe the Fighter (Minotaur Fighter)        Turns: 10300, Time: 01:50:39

Health: -5/104     AC: 21    Str: 24    XL:     11   Next: 59%
Magic:  10/10      EV:  7    Int:  5    God:    Gozag
Gold:   1177       SH:  6    Dex: 11    Spells: 10/10 levels left

rFire   . . .      SeeInvis +   E - +0 war axe (vorpal)
rCold   . . .      Faith    .   c - +0 buckler
rNeg    . . .      Spirit   .   I - +0 plate armour
rPois   +          Reflect  .   L - +0 hat {SInv}
rElec   .          Harm     .   D - +0 cloak
rCorr   .          Rampage  .   K - +0 pair of gloves
Will    .....                   l - +2 pair of boots
Stlth   ..........              e - amulet of regeneration
HPRegen 1.07/turn               t - ring of poison resistance
MPRegen 0.12/turn               (no ring)

@: gold aura
A: horns 2, retaliatory headbutt
a: Renounce Religion, Potion Petition, Call Merchant, Bribe Branch


You were on level 2 of the Lair of Beasts.
You worshipped Gozag.
Gozag was most pleased with you.
You visited 3 branches of the dungeon, and saw 11 of its levels.

You collected 1278 gold pieces.
You paid 101 gold pieces to Gozag.

Inventory:

Hand Weapons
 E - a +0 vorpal war axe (weapon)
 J - a +0 broad axe
Armour
 c - a +0 buckler (worn)
 l - a +2 pair of boots (worn)
 D - a +0 cloak (worn)
 I - a +0 plate armour (worn)
 K - a +0 pair of gloves (worn)
 L - a +0 hat of see invisible (worn)
Jewellery
 e - an amulet of regeneration (around neck)
 t - a ring of poison resistance (left hand)
 M - an amulet of reflection
Wands
 y - a wand of iceblast (17)
 C - a wand of flame (14)
Scrolls
 a - a scroll of enchant armour {unknown}
 f - 2 scrolls of immolation {unknown}
 g - 2 scrolls of noise {unknown}
 h - 3 scrolls of poison
 i - a scroll of magic mapping {unknown}
 k - a scroll of acquirement {unknown}
 m - 5 scrolls of enchant weapon {unknown}
 n - 3 scrolls of teleportation {unknown}
 o - 3 scrolls of amnesia {unknown}
 p - 2 scrolls of blinking {unknown}
 q - 2 scrolls of brand weapon {unknown}
 x - 3 scrolls of fear {unknown}
 B - 3 scrolls of vulnerability {unknown}
 O - a scroll of silence {unknown}
Potions
 b - 2 potions of brilliance
 d - a potion of might
 j - 2 potions of ambrosia
 r - 2 potions of resistance
 s - 4 potions of curing
 u - a potion of cancellation
 v - a potion of magic
 w - 3 potions of flight
 z - a potion of berserk rage
 A - 2 potions of haste {unknown}
 F - a potion of mutation {unknown}
 G - 3 potions of lignification
 N - a potion of invisibility {unknown}


   Skills:
 + Level 11.8 Fighting
 + Level 11.4 Axes
 + Level 11.7 Armour
 + Level 11.7 Shields


You had 10 spell levels left.
You didn't know any spells.
Your spell library contained the following spells:

 Spells                   Type           Power      Damage    Failure   Level
 Shock                    Conj/Air       0%         1d3       99%         1
 Static Discharge         Conj/Air       0%         3-3/arc   100%        2
 Stone Arrow              Conj/Erth      0%         3d7       100%        3
 Swiftness                Air            0%         N/A       100%        3
 Airstrike                Air            0%         2d(0-16)  100%        4
 Animate Armour           Summ/Erth      0%         N/A       100%        4
 Dispel Undead            Necr           0%         3d6       100%        4
 Sticky Flame             Conj/Fire      0%         2d3       100%        4
 Lehudib's Crystal Spear  Conj/Erth      0%         10d2      100%        8


Dungeon Overview and Level Annotations

Branches:
Dungeon (8/15)             Temple (1/1) D:7            Lair (2/5) D:8
 Shoals (0/4) Lair:2
  Snake: Lair:2-3    Spider: Lair:2-3

Altars:
Ashenzari
Cheibriados
Dithmenos
Elyvilon
Fedhas
Gozag
Hepliaklqana
Kikubaaqudgha
Makhleb
Nemelex Xobeh
Okawaru
Ru
Sif Muna
Trog
Uskayaw
Vehumet
Wu Jian
Xom
Yredelemnul
Zin
The Shining One


Innate Abilities, Weirdness & Mutations

You have a pair of horns on your head.
You reflexively headbutt those who attack you in melee.


Message History

You hit the komodo dragon but do no damage.
You barely miss the komodo dragon.
The komodo dragon bites you but does no damage.
The komodo dragon completely misses you.
You hit the komodo dragon but do no damage.
You barely miss the komodo dragon. The komodo dragon bites you! x2
You barely miss the komodo dragon.
You hit the komodo dragon but do no damage.
The komodo dragon bites you!! The komodo dragon bites you!
* * * LOW HITPOINT WARNING * * *
You hit the komodo dragon but do no damage. x2
The komodo dragon bites you but does no damage. x2
You slice the komodo dragon!!
The komodo dragon is heavily wounded.
You slash the komodo dragon! The komodo dragon closely misses you.
You furiously retaliate!
You headbutt the komodo dragon, but do no damage.
The komodo dragon bites you!
* * * LOW HITPOINT WARNING * * *
You feel much better. The komodo dragon bites you!!
* * * LOW HITPOINT WARNING * * *
The komodo dragon bites you!
* * * LOW HITPOINT WARNING * * *
You feel better. The komodo dragon closely misses you.
The komodo dragon bites you but does no damage.
The komodo dragon attacks as you move away!
The komodo dragon barely misses you. You furiously retaliate!
You headbutt the komodo dragon. You slice the komodo dragon!!
You kill the komodo dragon!
You closely miss the komodo dragon.
The komodo dragon bites you but does no damage.
You slash the komodo dragon!
The komodo dragon is heavily wounded.
The komodo dragon barely misses you.
You completely miss the komodo dragon.
The komodo dragon is moderately wounded.
The komodo dragon bites you!!
You die...
Your body crumbles into a pile of gold.

.............####..........
.............# #.....#.....
...###...#.#####....#.##...
..## ##.#######.....#.# #..
..## #### #.........# ..
...###.### #.........##
.........####........#.....
.........#.####...#........
....##....##
#..@................
....###...#
##l$................
..####...###
#............#...... ..##
##....#
#...#####........... ...#
#...## ##$.. ####.......
..## #..## #... $#........
..# #..# ..### ##........
..# ##..# ## ###.........
..# ##...# . #...#.......


You could see a komodo dragon.

Vanquished Creatures
  Gastronok (Lair:1)
  Pikel (D:7)
  A black mamba (Lair:1)
  Maurice (D:8)
  4 cane toads
  Maggie (D:7)
  4 komodo dragons
  Grinder (D:3)
  4 blink frogs (Lair:1)
  A hornet (D:8)
  2 wyverns (Lair:2)
  13 yaks
  Eustachio (D:6)
  2 basilisks
  A steam dragon (D:8)
  Menkaure (D:7)
  7 water moccasins
  An orc warrior (D:6)
  An ice beast (D:5)
  3 black bears
  2 sky beasts
  6 centaurs
  A lemure (D:7)
  2 phantoms (D:6)
  A kobold brigand (D:7)
  3 bullfrogs
  2 gnoll sergeants (D:7)
  2 scorpions
  A necrophage (D:8)
  5 killer bees (D:7)
  5 howler monkeys
  5 hounds
  2 jellies
  A gnoll bouda (D:7)
  3 orc priests
  Ijyb (D:4)
  Terence (D:3)
  3 iguanas
  5 orc wizards
  6 hell rats (Lair:1)
  13 gnolls
  5 adders
  A shadow imp (D:6)
  A white imp (D:8)
  An ufetubus (D:5)
  2 worms
  A dart slug (D:2)
  19 orcs
  5 ball pythons
  5 bats
  2 endoplasms
  4 giant cockroaches
  8 goblins
  4 hobgoblins
  8 jackals
  9 kobolds
  5 quokkas
  5 frilled lizards
  8 rats
  26 bushes
240 creatures vanquished.

Vanquished Creatures (others)
  23 fungi
  145 plants
168 creatures vanquished.

Grand Total: 408 creatures vanquished

Notes
Turn   | Place    | Note
-------+----------+-------------------------------------------
     0 | D:1      | Heoruswealwe the Minotaur Fighter began the quest for the
                  | Orb.
     0 | D:1      | Reached XP level 1. HP: 19/19 MP: 0/0
   129 | D:1      | Reached XP level 2. HP: 26/27 MP: 1/1
   666 | D:1      | Reached XP level 3. HP: 31/33 MP: 2/2
  1452 | D:3      | Noticed Terence
  1461 | D:3      | Killed Terence
  1462 | D:3      | Reached XP level 4. HP: 39/41 MP: 3/3
  1614 | D:3      | Noticed Grinder
  1615 | D:3      | Paralysed by Grinder for 5 turns
  1625 | D:3      | Paralysed by Grinder for 5 turns
  1636 | D:3      | Killed Grinder
  1637 | D:3      | Reached skill level 5 in Fighting
  1637 | D:3      | Reached skill level 5 in Armour
  1637 | D:3      | Reached skill level 5 in Shields
  1637 | D:3      | Reached XP level 5. HP: 31/48 MP: 4/4
  1637 | D:3      | Reached XP level 6. HP: 37/56 MP: 5/5
  1743 | D:3      | Found a blossoming altar of Fedhas.
  2841 | D:4      | Noticed Ijyb
  2850 | D:4      | Killed Ijyb
  3316 | D:5      | Entered Level 5 of the Dungeon
  3332 | D:5      | Reached XP level 7. HP: 34/62 MP: 6/6
  3366 | D:5      | Reached skill level 5 in Axes
  4092 | D:5      | Found an ornate altar of the Wu Jian Council.
  4092 | D:5      | Found a basalt altar of Yredelemnul.
  4092 | D:5      | Found a hazy altar of Hepliaklqana.
  4208 | D:5      | Reached XP level 8. HP: 50/71 MP: 7/7
  4341 | D:4      | You fall into a shaft and drop 2 floors!
  4386 | D:6      | Found a glowing golden altar of the Shining One.
  4389 | D:6      | Became a worshipper of the Shining One
  4421 | D:6      | Noticed Eustachio
  4448 | D:6      | Killed Eustachio
  4779 | D:6      | Reached XP level 9. HP: 81/81 MP: 8/8
  5250 | D:7      | Found a staircase to the Ecumenical Temple.
  5290 | Temple   | Entered the Ecumenical Temple
  5406 | Temple   | Fell from the grace of the Shining One
  5406 | Temple   | Became a worshipper of Gozag Ym Sagoz the Greedy
  5475 | D:7      | Noticed Pikel
  5484 | D:7      | Noticed Menkaure
  5496 | D:7      | Killed Pikel
  5499 | D:7      | Killed Menkaure
  5770 | D:7      | Noticed Maggie
  5785 | D:7      | Killed Maggie
  7328 | D:8      | Found a staircase to the Lair.
  7366 | D:8      | Reached XP level 10. HP: 75/91 MP: 9/9
  7830 | D:8      | Noticed Maurice
  7842 | D:8      | Killed Maurice
  7848 | D:8      | Paralysed by a hornet for 1 turns
  8329 | Lair:1   | Entered Level 1 of the Lair of Beasts
  8336 | Lair:1   | Noticed a cane toad
  8357 | Lair:1   | Reached skill level 10 in Fighting
  8357 | Lair:1   | Reached skill level 10 in Armour
  8357 | Lair:1   | Reached skill level 10 in Shields
  8361 | Lair:1   | Killed a cane toad
  8387 | Lair:1   | Noticed a black mamba
  8399 | Lair:1   | Killed a black mamba
  8437 | Lair:1   | Reached skill level 10 in Axes
  8590 | Lair:1   | Noticed a cane toad
  8603 | Lair:1   | Killed a cane toad
  8731 | Lair:1   | Noticed Gastronok
  8755 | Lair:1   | Killed Gastronok
  8756 | Lair:1   | Reached XP level 11. HP: 36/101 MP: 10/10
  9651 | Lair:2   | Found a staircase to the Shoals.
 10294 | Lair:2   | HP: 3/104 [komodo dragon (15)]
 10300 | Lair:2   | Slain by a komodo dragon

Illustrated notes

Levels and vault maps discovered:
D:1:      dpeg_arrival_oval, layout_loops_ring, corexii_item_surrounded_by_moat,
          corexii_leaking_fountain, nicolae_grassy_gnolls
D:2:      layout_rooms, serial_curves, eino_curves_02, eino_curves_01,
          kennysheep_generic_room_15
D:3:      layout_loops_ring, fedhas_altar_2, fountainhead, uniq_grinder,
          uniq_terence
D:4:      layout_basic, minmay_misc_feat_tower, uniq_ijyb
D:5:      black_bear_nest_2, layout_layer_cave, gammafunk_temple_overflow_claw,
          minmay_statues_item, hangedman_decor_push
D:6:      layout_loops_cross, tso_oasis_becter, uniq_eustachio
D:7:      layout_basic, minmay_temple_entry_gardened_gates, dk_noncrumbling_4,
          kennysheep_boxes, uniq_maggie, uniq_pikel, uniq_menkaure
D:8:      layout_basic, lair_entry_dummy, uniq_maurice
Temple:   lightli_temple_of_artemis
Lair:1:   layout_regular_city, uniq_gastronok
Lair:2:   layout_layer_cave, minmay_shoals_entry_centaurs, dummy_spider_entry,
          beast_lair_carwin_9, serial_bayou_shore_b

Skill      XL: |  1  2  3  4  5  6  7  8  9 10 11 |
---------------+----------------------------------+-----
Fighting       | 4 5 6 8 9 10 11 | 11.8
Armour         | 4 5 6 7 9 10 11 | 11.7
Shields        | 4 5 6 7 9 10 11 | 11.7
Axes           | 3 4 6 7 8 10 11 | 11.4

Action                   |  1- 3 |  4- 6 |  7- 9 | 10-12 || total
-------------------------+-------+-------+-------+-------++-------
Melee: War axe           |   102 |    75 |   914 |   554 ||  1645
       Headbutt          |    14 |    11 |   359 |   187 ||   571
       Spear             |       |       |    14 |       ||    14
  Use: Scroll            |       |     4 |     7 |     2 ||    13
       Potion            |       |     1 |       |     2 ||     3
 Stab: Distracted        |       |       |       |     1 ||     1
Armor: Scale mail        |    30 |       |       |       ||    30
       Chain mail        |       |    42 |   206 |     2 ||   250
       Plate armour      |       |       |       |   165 ||   165
Dodge: Dodged            |    41 |    27 |   139 |    77 ||   284
Block: Buckler           |    15 |    12 |    92 |    80 ||   199
